TOP OF THE 1ST |
Fargo Brewmasters batting - Pitching for Minot Jets : RHP Danny Ontiveros
|
Pitching: RHP Danny Ontiveros
|
|
Batting: SHB Angel Escobar
|
0-0: Foul Ball, location: 2F 0-1: Fly out, F9 (Flyball, 9S, EV 94.4 MPH)
|
Batting: LHB Victor Fernandez
|
0-0: Ball 1-0: Called Strike 1-1: Foul Ball, location: 2F 1-2: Ball 2-2: SINGLE (Groundball, 34D, EV 108.1 MPH)
|
Batting: RHB Forace Oxendine
|
0-0: Foul Ball, location: 2F 0-1: Ball 1-1: Fly out, F9 (Flyball, 9, EV 82.5 MPH)
|
Batting: RHB Dick E Scott
|
0-0: Ball 1-0: Ground out 5-3 (Groundball, 56S, EV 73.1 MPH)
|
Top of the 1st over - 0 runs, 1 hit, 0 errors, 1 left on base; Fargo 0 - Minot 0 |
BOTTOM OF THE 1ST |
Minot Jets batting - Pitching for Fargo Brewmasters : RHP Julio Solano
|
Pitching: RHP Julio Solano
|
|
Batting: RHB Tony Beal
|
0-0: Ball 1-0: Bunt missed! 1-1: Called Strike 1-2: Ball 2-2: SINGLE (Line Drive, 6MD, EV 97.5 MPH)
|
Batting: RHB William Phillips
|
0-0: Called Strike 0-1: Ball 1-1: Ball 2-1: Ball 3-1: Base on Balls Tony Beal to second
|
Batting: LHB Douglas Reibel
|
0-0: Ball 1-0: Called Strike 1-1: Foul Ball, location: 2F 1-2: Ball 2-2: Foul Ball, location: 2F 2-2: SINGLE (Line Drive, 56D, EV 98.1 MPH) Tony Beal to third William Phillips to second Runner from 3rd tries for Home, SAFE, throw by LF to home
|
Batting: RHB Troy Afenir
|
0-0: Ball 1-0: Ball 2-0: Ball 3-0: Called Strike 3-1: Base on Balls William Phillips to third Douglas Reibel to second
|
Batting: SHB William Eiland
|
0-0: Foul Ball, location: 2F 0-1: Ball 1-1: Foul Ball, location: 2F 1-2: Strikes out swinging
|
Batting: LHB Theodore Milner
|
0-0: Ball 1-0: Ball 2-0: GRAND SLAM HOME RUN (Flyball, 9LD, EV 98.8 MPH), Distance : 366 ft
|
Batting: RHB Roberto Balaguer
|
0-0: Ball 1-0: Ball 2-0: Called Strike 2-1: Foul Ball, location: 2F 2-2: Strikes out swinging
|
Batting: RHB Jesus Aybar
|
0-0: TRIPLE (Line Drive, 78XD, EV 101.3 MPH)
|
Batting: RHB Hugo Olivas
|
0-0: Called Strike 0-1: Ground out 6-3 (Groundball, 6, EV 91.9 MPH)
|
Bottom of the 1st over - 5 runs, 4 hits, 0 errors, 1 left on base; Fargo 0 - Minot 5 |
TOP OF THE 2ND |
Fargo Brewmasters batting - Pitching for Minot Jets : RHP Danny Ontiveros
|
Batting: RHB Gus Polidor
|
0-0: Ball 1-0: Foul Ball, location: 2F 1-1: Fly out, F5 (Flyball, 5D, EV 89.4 MPH)
|
Batting: RHB Juan Picart
|
0-0: Ball 1-0: Ball 2-0: Foul Ball, location: 2F 2-1: Fly out, F4 (Line Drive, 4, EV 74.4 MPH)
|
Batting: SHB Elton Hooker
|
0-0: Swinging Strike 0-1: Swinging Strike 0-2: Hit by Pitch
|
Batting: RHB Adolph Crump
|
0-0: Ball 1-0: Called Strike 1-1: Foul Ball, location: 2F 1-2: Strikes out looking
|
Top of the 2nd over - 0 runs, 0 hits, 0 errors, 1 left on base; Fargo 0 - Minot 5 |
BOTTOM OF THE 2ND |
Minot Jets batting - Pitching for Fargo Brewmasters : RHP Julio Solano
|
Batting: RHB Tony Beal
|
0-0: Foul Ball, location: 2F 0-1: Ball 1-1: Foul Ball, location: 2F 1-2: Foul Ball, location: 2F 1-2: SINGLE (Line Drive, 89S, EV 95.6 MPH)
|
Batting: RHB William Phillips
|
0-0: Called Strike 0-1: Ball 1-1: Fly out, F9 (Flyball, 9S, EV 93.8 MPH)
|
Batting: LHB Douglas Reibel
|
0-0: Foul Ball, location: 2F 0-1: Ball 1-1: Called Strike 1-2: SINGLE (Line Drive, 9, EV 101.9 MPH) Tony Beal to second
|
Batting: RHB Troy Afenir
|
0-0: Ball Tony Beal steals 3rd base (no throw) 1-0: Swinging Strike 1-1: Foul Ball, location: 2F 1-2: Ground out 6-3 (Groundball, P, EV 88.1 MPH) Tony Beal scores Douglas Reibel to second
|
Pitching: RHP Vinny Bedoya
|
|
Batting: SHB William Eiland
|
0-0: Ball 1-0: Ball 2-0: Called Strike 2-1: Foul Ball, location: 2F 2-2: Ball 3-2: Fly out, F8 (Flyball, 8LD, EV 93.8 MPH)
|
Bottom of the 2nd over - 1 run, 2 hits, 0 errors, 1 left on base; Fargo 0 - Minot 6 |
TOP OF THE 3RD |
Fargo Brewmasters batting - Pitching for Minot Jets : RHP Danny Ontiveros
|
Batting: RHB Randall Thorpe
|
0-0: Foul Ball, location: 2F 0-1: Ball 1-1: Ball 2-1: SINGLE (Groundball, 56D, EV 101.3 MPH)
|
Batting: SHB Angel Escobar
|
0-0: Ball 1-0: Called Strike 1-1: Ball 2-1: Called Strike 2-2: Foul Ball, location: 2F 2-2: DOUBLE (Flyball, 78D, EV 95.6 MPH) Randall Thorpe to third
|
Batting: LHB Victor Fernandez
|
0-0: Ground out 4-3 (Groundball, 4, EV 80.6 MPH) Randall Thorpe scores Angel Escobar to third
|
Batting: RHB Forace Oxendine
|
0-0: Ball 1-0: Ball 2-0: Ground out 6-3 (Groundball, 6, EV 90.0 MPH) Angel Escobar scores
|
Batting: RHB Dick E Scott
|
0-0: Ball 1-0: Ball 2-0: Ball 3-0: Base on Balls
|
Batting: RHB Gus Polidor
|
0-0: Called Strike 0-1: Ball 1-1: SINGLE (Flyball, 6D, EV 86.9 MPH) Dick E Scott to second
|
Batting: RHB Juan Picart
|
0-0: Ball 1-0: Called Strike 1-1: Swinging Strike 1-2: Fly out, F8 (Line Drive, 8RM, EV 98.8 MPH)
|
Top of the 3rd over - 2 runs, 3 hits, 0 errors, 2 left on base; Fargo 2 - Minot 6 |
BOTTOM OF THE 3RD |
Minot Jets batting - Pitching for Fargo Brewmasters : RHP Vinny Bedoya
|
Batting: LHB Theodore Milner
|
0-0: Ball 1-0: Called Strike 1-1: Foul Ball, location: 2F 1-2: DOUBLE (Line Drive, 78M, EV 105.0 MPH)
|
Batting: RHB Roberto Balaguer
|
0-0: SINGLE (Line Drive, 4D, EV 105.6 MPH) Theodore Milner to third Runner from 3rd tries for Home, SAFE, throw by RF to home
|
Batting: RHB Jesus Aybar
|
0-0: Grounds into double play, 4-6-3 (Groundball, 34, EV 85.0 MPH)
|
Batting: RHB Hugo Olivas
|
0-0: Ground out 1-3 (Groundball, P, EV 66.9 MPH)
|
Bottom of the 3rd over - 1 run, 2 hits, 0 errors, 0 left on base; Fargo 2 - Minot 7 |
TOP OF THE 4TH |
Fargo Brewmasters batting - Pitching for Minot Jets : RHP Danny Ontiveros
|
Batting: SHB Elton Hooker
|
0-0: Ball 1-0: Called Strike 1-1: Swinging Strike 1-2: Strikes out looking
|
Batting: RHB Adolph Crump
|
0-0: Called Strike 0-1: Swinging Strike 0-2: Ground out 4-3 (Groundball, 4, EV 101.9 MPH)
|
Batting: RHB Randall Thorpe
|
0-0: Foul Ball, location: 2F 0-1: Fly out, F5 (Popup, 5SF, EV 88.8 MPH)
|
Top of the 4th over - 0 runs, 0 hits, 0 errors, 0 left on base; Fargo 2 - Minot 7 |
BOTTOM OF THE 4TH |
Minot Jets batting - Pitching for Fargo Brewmasters : RHP Vinny Bedoya
|
Batting: RHB Tony Beal
|
0-0: Called Strike 0-1: Ball 1-1: Fly out, F9 (Flyball, 9, EV 93.8 MPH)
|
Batting: RHB William Phillips
|
0-0: Ball 1-0: Foul Ball, location: 2F 1-1: Foul Ball, location: 2F 1-2: Ball 2-2: SINGLE (Groundball, 6M, EV 109.4 MPH) (infield hit)
|
Batting: LHB Douglas Reibel
|
0-0: Called Strike 0-1: Ball 1-1: Foul Ball, location: 2F 1-2: Ball 2-2: Ball 3-2: Fly out, F9 (Line Drive, 9, EV 87.5 MPH)
|
Batting: RHB Troy Afenir
|
0-0: Ball 1-0: Ball 2-0: Ball 3-0: Base on Balls William Phillips to second
|
Batting: SHB William Eiland
|
0-0: Called Strike 0-1: Called Strike 0-2: Foul Ball, location: 2F 0-2: Foul Ball, location: 2F 0-2: Ball 1-2: Foul Ball, location: 2F 1-2: Foul Ball, location: 2F 1-2: Ball 2-2: SINGLE (Line Drive, 6D, EV 110.0 MPH) William Phillips to third Troy Afenir to second Runner from 3rd tries for Home, SAFE, throw by CF to home
|
Batting: LHB Theodore Milner
|
0-0: Foul Ball, location: 2F 0-1: Ball 1-1: Ball 2-1: Ground out U3 (Groundball, 34, EV 82.5 MPH)
|
Bottom of the 4th over - 1 run, 2 hits, 0 errors, 2 left on base; Fargo 2 - Minot 8 |
TOP OF THE 5TH |
Fargo Brewmasters batting - Pitching for Minot Jets : RHP Danny Ontiveros
|
Batting: SHB Angel Escobar
|
0-0: Ball 1-0: Ball 2-0: Swinging Strike 2-1: Swinging Strike 2-2: Ball 3-2: Foul Ball, location: 2F 3-2: Base on Balls
|
Batting: LHB Victor Fernandez
|
0-0: Ball 1-0: Ball 2-0: Ball 3-0: Called Strike 3-1: Base on Balls Angel Escobar to second
|
Batting: RHB Forace Oxendine
|
0-0: Grounds into double play, 4-6-3 (Groundball, 4, EV 100.0 MPH) Angel Escobar to third
|
Batting: RHB Dick E Scott
|
0-0: Ball 1-0: Swinging Strike 1-1: Called Strike 1-2: Strikes out swinging
|
Top of the 5th over - 0 runs, 0 hits, 0 errors, 1 left on base; Fargo 2 - Minot 8 |
BOTTOM OF THE 5TH |
Minot Jets batting - Pitching for Fargo Brewmasters : RHP Vinny Bedoya
|
Batting: RHB Roberto Balaguer
|
0-0: Foul Ball, location: 2F 0-1: Ball 1-1: Foul Ball, location: 2F 1-2: Ball 2-2: Foul Ball, location: 2F 2-2: Foul Ball, location: 2F 2-2: Foul Ball, location: 2F 2-2: Ball 3-2: Ground out 6-3 (Groundball, 6MS, EV 69.4 MPH)
|
Batting: RHB Jesus Aybar
|
0-0: Called Strike 0-1: Fly out, F8 (Line Drive, 8LM, EV 89.4 MPH)
|
Batting: RHB Hugo Olivas
|
0-0: Swinging Strike 0-1: Ball 1-1: Foul Ball, location: 2F 1-2: Ball 2-2: Strikes out looking
|
Bottom of the 5th over - 0 runs, 0 hits, 0 errors, 0 left on base; Fargo 2 - Minot 8 |
TOP OF THE 6TH |
Fargo Brewmasters batting - Pitching for Minot Jets : RHP Danny Ontiveros
|
Batting: RHB Gus Polidor
|
0-0: Ground out 4-3 (Groundball, 34, EV 77.5 MPH)
|
Batting: RHB Juan Picart
|
0-0: Fly out, F9 (Flyball, 89D, EV 103.8 MPH)
|
Batting: SHB Elton Hooker
|
0-0: Called Strike 0-1: Ball 1-1: Foul Ball, location: 2F 1-2: Ball 2-2: Strikes out looking
|
Top of the 6th over - 0 runs, 0 hits, 0 errors, 0 left on base; Fargo 2 - Minot 8 |
BOTTOM OF THE 6TH |
Minot Jets batting - Pitching for Fargo Brewmasters : RHP Vinny Bedoya
|
Batting: RHB Tony Beal
|
0-0: SINGLE (Groundball, 4MD, EV 103.8 MPH)
|
Pitching: LHP Michael Bradley
|
|
Batting: RHB William Phillips
|
0-0: Ground out 6-3 (Groundball, 6MS, EV 84.4 MPH) Tony Beal to second
|
Batting: LHB Douglas Reibel
|
0-0: Called Strike 0-1: Foul Ball, location: 2F 0-2: Strikes out swinging
|
Batting: RHB Troy Afenir
|
0-0: Ball 1-0: Called Strike 1-1: Ball 2-1: Fly out, F7 (Line Drive, 7, EV 86.9 MPH)
|
Bottom of the 6th over - 0 runs, 1 hit, 0 errors, 1 left on base; Fargo 2 - Minot 8 |
TOP OF THE 7TH |
Fargo Brewmasters batting - Pitching for Minot Jets : RHP Danny Ontiveros
|
Batting: RHB Adolph Crump
|
0-0: Foul Ball, location: 2F 0-1: Ball 1-1: Fly out, F5 (Line Drive, 5, EV 69.4 MPH)
|
Batting: RHB Randall Thorpe
|
0-0: Ball 1-0: Fly out, F8 (Flyball, 8RD, EV 93.8 MPH)
|
Batting: SHB Angel Escobar
|
0-0: Foul Ball, location: 2F 0-1: Ball 1-1: Foul Ball, location: 2F 1-2: Strikes out swinging, 2-3 out at first.
|
Top of the 7th over - 0 runs, 0 hits, 0 errors, 0 left on base; Fargo 2 - Minot 8 |
BOTTOM OF THE 7TH |
Minot Jets batting - Pitching for Fargo Brewmasters : LHP Michael Bradley
|
Batting: SHB William Eiland
|
0-0: Ball 1-0: Called Strike 1-1: Foul Ball, location: 2F 1-2: Ball 2-2: Ball 3-2: Base on Balls
|
Batting: LHB Theodore Milner
|
0-0: Ball 1-0: Called Strike 1-1: Foul Ball, location: 2F 1-2: SINGLE (Line Drive, 78M, EV 91.9 MPH) William Eiland to second
|
Batting: RHB Roberto Balaguer
|
0-0: Ball 1-0: Ball 2-0: Foul Ball, location: 2F 2-1: Foul Ball, location: 2F 2-2: Foul Ball, location: 2F 2-2: Grounds into double play, 6-4-3 (Groundball, 6, EV 101.9 MPH) William Eiland to third
|
Batting: RHB Jesus Aybar
|
0-0: Called Strike 0-1: Foul Ball, location: 2F 0-2: Strikes out swinging
|
Bottom of the 7th over - 0 runs, 1 hit, 0 errors, 1 left on base; Fargo 2 - Minot 8 |
TOP OF THE 8TH |
Fargo Brewmasters batting - Pitching for Minot Jets : RHP Danny Ontiveros
|
Batting: LHB Victor Fernandez
|
0-0: Ball 1-0: Ball 2-0: Called Strike 2-1: Called Strike 2-2: Ball 3-2: Fly out, F4 (Popup, 4MD, EV 51.3 MPH)
|
Batting: RHB Forace Oxendine
|
0-0: Called Strike 0-1: Ball 1-1: Ground out 4-3 (Groundball, 4, EV 106.3 MPH)
|
Batting: RHB Dick E Scott
|
0-0: Ball 1-0: Called Strike 1-1: Called Strike 1-2: Ball 2-2: Ground out 6-3 (Groundball, 6, EV 83.8 MPH)
|
Top of the 8th over - 0 runs, 0 hits, 0 errors, 0 left on base; Fargo 2 - Minot 8 |
BOTTOM OF THE 8TH |
Minot Jets batting - Pitching for Fargo Brewmasters : LHP Michael Bradley
|
Batting: RHB Hugo Olivas
|
0-0: Fly out, F8 (Flyball, 8RXD, EV 94.4 MPH)
|
Batting: RHB Tony Beal
|
0-0: Called Strike 0-1: Ball 1-1: Foul Ball, location: 2F 1-2: Ground out 4-3 (Groundball, 4, EV 87.5 MPH)
|
Batting: RHB William Phillips
|
0-0: Swinging Strike 0-1: Ball 1-1: Foul Ball, location: 2F 1-2: Ball 2-2: Ball 3-2: Base on Balls
|
Batting: LHB Douglas Reibel
|
0-0: Reached on error, E4 (Groundball, 4M, EV 107.5 MPH) William Phillips to second
|
Batting: RHB Troy Afenir
|
0-0: Ball 1-0: Called Strike 1-1: Fly out, F7 (Flyball, 78M, EV 82.5 MPH)
|
Bottom of the 8th over - 0 runs, 0 hits, 1 error, 2 left on base; Fargo 2 - Minot 8 |
TOP OF THE 9TH |
Fargo Brewmasters batting - Pitching for Minot Jets : RHP Danny Ontiveros
|
Batting: RHB Gus Polidor
|
0-0: Ball 1-0: SINGLE (Groundball, 6MD, EV 100.0 MPH)
|
Batting: RHB Juan Picart
|
0-0: Grounds into double play, 5-4-3 (Groundball, 56, EV 86.3 MPH)
|
Batting: SHB Elton Hooker
|
0-0: SINGLE (Groundball, 6D, EV 105.0 MPH)
|
Batting: RHB Adolph Crump
|
0-0: Foul Ball, location: 2F 0-1: Ball 1-1: Swinging Strike 1-2: Fly out, F7 (Flyball, 78D, EV 101.9 MPH)
|
Top of the 9th over - 0 runs, 2 hits, 0 errors, 1 left on base; Fargo 2 - Minot 8 |
|